EVO
UNIVERSITY OF SOUTH CAROLINA GAMECOCKS @ FRESNO STATE UNIVERSITY BULLDOGS
08/08/2046
 
TOP OF THE 1ST
University of South Carolina Gamecocks batting - Pitching for Fresno State University Bulldogs : LHP Allan Bodkin
Pitching: LHP Allan Bodkin
Batting: RHB Mike Berzins 0-0: Called Strike
0-1: Fly out, F9 (Flyball, 9S, EV 85.6 MPH)
Batting: RHB Geoffrey Gonzalez 0-0: Ball
1-0: Ball
2-0: Foul Ball, location: 2F
2-1: Swinging Strike
2-2: Strikes out swinging
Batting: LHB Jose Mafano 0-0: Ball
1-0: Fly out, F7 (Flyball, 7LS, EV 93.1 MPH)
Top of the 1st over - 0 runs, 0 hits, 0 errors, 0 left on base; University of South Carolina 0 - Fresno State University 0
BOTTOM OF THE 1ST
Fresno State University Bulldogs batting - Pitching for University of South Carolina Gamecocks : RHP Kip Connolly
Pitching: RHP Kip Connolly
Batting: RHB Justin Szymczyk 0-0: Called Strike
0-1: Ball
1-1: Ball
2-1: Fly out, F4 (Popup, 34, EV 58.1 MPH)
Batting: RHB Dou-wan Pan 0-0: Called Strike
0-1: Ball
1-1: SINGLE (Groundball, 5S, EV 70.6 MPH) (infield hit)
Batting: LHB Ricardo Sandoval 0-0: Swinging Strike
0-1: Called Strike
0-2: Foul Ball, location: 2F
0-2: Foul Ball, location: 2F
0-2: Ball
1-2: 2-RUN HOME RUN (Line Drive, 89XD, EV 108.1 MPH), Distance : 431 ft
Batting: RHB Adam Angeles 0-0: Ball
1-0: SINGLE (Groundball, 56S, EV 70.0 MPH) (infield hit)
Pitching: RHP John Martin
Batting: LHB Kevin Feldman 0-0: Foul Ball, location: 2F
0-1: Foul Ball, location: 2F
0-2: Ball
1-2: SINGLE (Groundball, 6M, EV 104.4 MPH) (infield hit)
Adam Angeles to second
Batting: RHB Homer Petropoulos 0-0: Foul Ball, location: 2F
0-1: Foul Ball, location: 2F
0-2: Ball
1-2: Foul Ball, location: 2F
1-2: Ball
2-2: Ball
3-2: Strikes out looking
Batting: RHB Murilo Cunha 0-0: Called Strike
0-1: Ball
1-1: Foul Ball, location: 2F
1-2: Ground out 3-1 (Groundball, 34, EV 85.6 MPH)
Bottom of the 1st over - 2 runs, 4 hits, 0 errors, 2 left on base; University of South Carolina 0 - Fresno State University 2
TOP OF THE 2ND
University of South Carolina Gamecocks batting - Pitching for Fresno State University Bulldogs : LHP Allan Bodkin
Batting: RHB Danny Rodriguez 0-0: Called Strike
0-1: Ball
1-1: Fly out, F7 (Flyball, 7LD, EV 101.2 MPH)
Batting: RHB Emanuel Estrada 0-0: Ball
1-0: SINGLE (Line Drive, 7LS, EV 110.0 MPH)
Batting: SHB Mario Barajas 0-0: Ball
1-0: Ball
2-0: Foul Ball, location: 2F
2-1: Foul Ball, location: 2F
2-2: Foul Ball, location: 2F
2-2: Grounds into double play, 4-6-3 (Groundball, 4, EV 90.6 MPH)
Top of the 2nd over - 0 runs, 1 hit, 0 errors, 0 left on base; University of South Carolina 0 - Fresno State University 2
BOTTOM OF THE 2ND
Fresno State University Bulldogs batting - Pitching for University of South Carolina Gamecocks : RHP John Martin
Batting: RHB Pete Goerge 0-0: Swinging Strike
0-1: Swinging Strike
0-2: Ball
1-2: Ball
2-2: Ball
3-2: Strikes out swinging
Batting: RHB Nate McCormick 0-0: Ball
1-0: Called Strike
1-1: Foul Ball, location: 2F
1-2: Strikes out swinging
Batting: RHB Justin Szymczyk 0-0: Ball
1-0: Ball
2-0: Ball
3-0: Called Strike
3-1: Base on Balls
Batting: RHB Dou-wan Pan 0-0: Ball
1-0: Ball
2-0: Ball
3-0: Called Strike
3-1: Fly out, F7 (Line Drive, 7LM, EV 89.4 MPH)
Bottom of the 2nd over - 0 runs, 0 hits, 0 errors, 1 left on base; University of South Carolina 0 - Fresno State University 2
TOP OF THE 3RD
University of South Carolina Gamecocks batting - Pitching for Fresno State University Bulldogs : LHP Allan Bodkin
Batting: RHB Dave MacAulay 0-0: Ball
1-0: Ball
2-0: Ground out 6-3 (Groundball, 6, EV 84.4 MPH)
Batting: RHB Pablo Henriquez 0-0: Ball
1-0: Called Strike
1-1: Called Strike
1-2: Strikes out swinging
Batting: RHB Mark Squires 0-0: SINGLE (Groundball, 34D, EV 105.6 MPH)
Batting: RHB Mike Berzins 0-0: Ball
1-0: Swinging Strike
1-1: Hit by Pitch
Mark Squires to second
Batting: RHB Geoffrey Gonzalez 0-0: Reached on error, E6 (Groundball, 6, EV 80.0 MPH)
Mark Squires to third
Mike Berzins to second
Batting: LHB Jose Mafano 0-0: Ball
1-0: Ball
2-0: Foul Ball, location: 2F
2-1: Ball
3-1: Foul Ball, location: 2F
3-2: Foul Ball, location: 2F
3-2: Foul Ball, location: 2F
3-2: Strikes out looking
Top of the 3rd over - 0 runs, 1 hit, 1 error, 3 left on base; University of South Carolina 0 - Fresno State University 2
BOTTOM OF THE 3RD
Fresno State University Bulldogs batting - Pitching for University of South Carolina Gamecocks : RHP John Martin
Pitching: RHP Ben Kasim
Batting: LHB Ricardo Sandoval 0-0: Called Strike
0-1: Ball
1-1: Swinging Strike
1-2: Strikes out looking
Batting: RHB Adam Angeles 0-0: Called Strike
0-1: Called Strike
0-2: Strikes out swinging
Batting: LHB Kevin Feldman 0-0: Called Strike
0-1: Ball
1-1: Called Strike
1-2: Ball
2-2: Ball
3-2: Foul Ball, location: 2F
3-2: Base on Balls
Batting: RHB Homer Petropoulos 0-0: Ball
1-0: Swinging Strike
1-1: Foul Ball, location: 2F
1-2: Strikes out looking
Bottom of the 3rd over - 0 runs, 0 hits, 0 errors, 1 left on base; University of South Carolina 0 - Fresno State University 2
TOP OF THE 4TH
University of South Carolina Gamecocks batting - Pitching for Fresno State University Bulldogs : LHP Allan Bodkin
Batting: RHB Danny Rodriguez 0-0: Fly out, F8 (Line Drive, 8LM, EV 90.0 MPH)
Batting: RHB Emanuel Estrada 0-0: Foul Ball, location: 2F
0-1: Ball
1-1: Fly out, F8 (Flyball, 8LD, EV 91.2 MPH)
Batting: SHB Mario Barajas 0-0: Called Strike
0-1: Fly out, F9 (Flyball, 89S, EV 87.5 MPH)
Top of the 4th over - 0 runs, 0 hits, 0 errors, 0 left on base; University of South Carolina 0 - Fresno State University 2
BOTTOM OF THE 4TH
Fresno State University Bulldogs batting - Pitching for University of South Carolina Gamecocks : RHP Ben Kasim
Batting: RHB Murilo Cunha 0-0: Fly out, F9 (Flyball, 9LD, EV 100.0 MPH)
Batting: RHB Pete Goerge 0-0: Called Strike
0-1: Foul Ball, location: 2F
0-2: Ball
1-2: SINGLE (Groundball, 6S, EV 65.6 MPH) (infield hit)
Batting: RHB Nate McCormick 0-0: Ball
1-0: Ball
2-0: Ball
3-0: Base on Balls
Pete Goerge to second
Pinch Hitting: RHB Javier Brizuela 0-0: Called Strike
0-1: Fly out, F9 (Line Drive, 9S, EV 108.1 MPH)
Batting: RHB Dou-wan Pan 0-0: Swinging Strike
0-1: Ball
1-1: Ball
2-1: Foul Ball, location: 2F
2-2: Ball
3-2: Fly out, F8 (Flyball, 8LD, EV 96.2 MPH)
Bottom of the 4th over - 0 runs, 1 hit, 0 errors, 2 left on base; University of South Carolina 0 - Fresno State University 2
TOP OF THE 5TH
University of South Carolina Gamecocks batting - Pitching for Fresno State University Bulldogs : LHP Allan Bodkin
Now at C: Rodolfo Solis
Now at 3B: Mike Fermin
Now at SS: Javier Brizuela
Now in RF: Jaquan Brown
Batting: RHB Dave MacAulay 0-0: Ball
1-0: Ball
2-0: Foul Ball, location: 2F
2-1: SINGLE (Flyball, 8LS, EV 90.0 MPH)
Batting: RHB Pablo Henriquez 0-0: Swinging Strike
0-1: Ball
1-1: Grounds into double play, 6-4-3 (Groundball, 6, EV 83.1 MPH)
Batting: RHB Mark Squires 0-0: Ball
1-0: Foul Ball, location: 2F
1-1: Foul Ball, location: 2F
1-2: Ground out 4-3 (Groundball, 34, EV 90.0 MPH)
Top of the 5th over - 0 runs, 1 hit, 0 errors, 0 left on base; University of South Carolina 0 - Fresno State University 2
BOTTOM OF THE 5TH
Fresno State University Bulldogs batting - Pitching for University of South Carolina Gamecocks : RHP Ben Kasim
Pitching: LHP Josh Schmidt
Now at C: Geoffrey Potter
Now at 1B: Mark Cozens
Now at 3B: Taro Inamine
Now in LF: Jim Smallwood
Now in RF: Carlos Rivera
Batting: LHB Ricardo Sandoval 0-0: Ball
1-0: Ball
2-0: Called Strike
2-1: Swinging Strike
2-2: Strikes out looking
Batting: SHB Mike Fermin 0-0: Called Strike
0-1: Ball
1-1: Ball
2-1: Foul Ball, location: 2F
2-2: Foul Ball, location: 2F
2-2: Foul Ball, location: 2F
2-2: Strikes out swinging
Pinch Hitting: RHB Andy Villarreal 0-0: Ball
1-0: Ball
2-0: Ball
3-0: Called Strike
3-1: Fly out, F8 (Flyball, 8LS, EV 95.6 MPH)
Bottom of the 5th over - 0 runs, 0 hits, 0 errors, 0 left on base; University of South Carolina 0 - Fresno State University 2
TOP OF THE 6TH
University of South Carolina Gamecocks batting - Pitching for Fresno State University Bulldogs : LHP Allan Bodkin
Now in LF: Sloan Rayner
Now in CF: Troy Jones
Batting: RHB Mark Cozens 0-0: Ball
1-0: Ball
2-0: Ball
3-0: Ground out 4-3 (Groundball, 4MS, EV 72.5 MPH)
Pinch Hitting: LHB John Harvey 0-0: Ball
1-0: Ball
2-0: Ball
3-0: Called Strike
3-1: Base on Balls
Batting: RHB Geoffrey Potter 0-0: Fielders Choice at 2nd, 1-4 (Groundball, 25, EV 69.4 MPH)
Batting: LHB Taro Inamine 0-0: Foul Ball, location: 2F
0-1: Ball
1-1: Called Strike
1-2: Ball
2-2: Foul Ball, location: 2F
2-2: Strikes out swinging
Top of the 6th over - 0 runs, 0 hits, 0 errors, 1 left on base; University of South Carolina 0 - Fresno State University 2
BOTTOM OF THE 6TH
Fresno State University Bulldogs batting - Pitching for University of South Carolina Gamecocks : LHP Josh Schmidt
Pitching: LHP German Baez
Now at 2B: John Harvey
Batting: RHB Charlie Davison 0-0: Ball
1-0: Ground out 5-3 (Groundball, 56S, EV 83.8 MPH)
Batting: RHB Jaquan Brown 0-0: Called Strike
0-1: Foul Ball, location: 2F
0-2: Strikes out swinging
Pinch Hitting: LHB Chris Viehman 0-0: DOUBLE (Flyball, 9D, EV 99.4 MPH)
Pinch Hitting: RHB Bryan Sokol 0-0: Ball
1-0: Ball
2-0: Ball
3-0: Called Strike
3-1: SINGLE (Groundball, 25, EV 73.1 MPH) (infield hit)
Chris Viehman to third
Batting: RHB Javier Brizuela 0-0: Ball
1-0: Fly out, F8 (Line Drive, 8RS, EV 93.1 MPH)
Bottom of the 6th over - 0 runs, 2 hits, 0 errors, 2 left on base; University of South Carolina 0 - Fresno State University 2
TOP OF THE 7TH
University of South Carolina Gamecocks batting - Pitching for Fresno State University Bulldogs : LHP Allan Bodkin
Pitching: RHP Manny Ojeda
Now at 1B: Chris Viehman
Now at 2B: Bryan Sokol
Pinch Hitting: RHB Jay Mellon 0-0: Foul Ball, location: 2F
0-1: SINGLE (Line Drive, 89S, EV 95.6 MPH)
Batting: LHB Carlos Rivera 0-0: Fly out, F5 (Popup, 25F, EV 81.9 MPH)
Pinch Hitting: RHB Mike Chiquete 0-0: Reached on error, E4 (Groundball, 4MD, EV 89.4 MPH)
Jay Mellon to second
Batting: RHB Colin Morris 0-0: Grounds into double play, 5-4-3 (Groundball, 5, EV 98.1 MPH)
Top of the 7th over - 0 runs, 1 hit, 1 error, 1 left on base; University of South Carolina 0 - Fresno State University 2
BOTTOM OF THE 7TH
Fresno State University Bulldogs batting - Pitching for University of South Carolina Gamecocks : LHP German Baez
Now at SS: Mike Chiquete
Now in LF: Jay Mellon
Now in CF: Jim Smallwood
Batting: RHB Rodolfo Solis 0-0: Ball
1-0: Ball
2-0: Called Strike
2-1: Foul Ball, location: 2F
2-2: Hit by Pitch
Batting: LHB Sloan Rayner 0-0: Ball
1-0: Called Strike
1-1: Fielders Choice at 2nd, 3-6 (Groundball, 3, EV 97.5 MPH)
Batting: SHB Mike Fermin 0-0: Ball
1-0: Ball
2-0: Called Strike
2-1: Ball
3-1: Called Strike
3-2: Strikes out looking
Batting: LHB Troy Jones 0-0: Ball
Wild Pitch!
Sloan Rayner to second
1-0: Called Strike
1-1: Foul Ball, location: 2F
1-2: Ball
2-2: Foul Ball, location: 2F
2-2: Fly out, F2 (Popup, 2LF, EV 81.2 MPH)
Bottom of the 7th over - 0 runs, 0 hits, 0 errors, 1 left on base; University of South Carolina 0 - Fresno State University 2
TOP OF THE 8TH
University of South Carolina Gamecocks batting - Pitching for Fresno State University Bulldogs : RHP Manny Ojeda
Batting: RHB Jim Smallwood 0-0: Called Strike
0-1: Ball
1-1: Swinging Strike
1-2: Strikes out swinging
Pinch Hitting: LHB Bruce Daley 0-0: Ball
1-0: Foul Ball, location: 2F
1-1: Ball
2-1: Called Strike
2-2: Ball
3-2: Foul Ball, location: 2F
3-2: Base on Balls
Batting: LHB John Harvey 0-0: Called Strike
0-1: Ball
1-1: Grounds into double play, 4-6-3 (Groundball, 4, EV 83.8 MPH)
Top of the 8th over - 0 runs, 0 hits, 0 errors, 0 left on base; University of South Carolina 0 - Fresno State University 2
BOTTOM OF THE 8TH
Fresno State University Bulldogs batting - Pitching for University of South Carolina Gamecocks : LHP German Baez
Pitching: RHP Elijah McKay
Now at 1B: Bruce Daley
Batting: LHB Casey Bass 0-0: Ball
1-0: Fly out, F9 (Flyball, 9LS, EV 96.9 MPH)
Batting: RHB Jaquan Brown 0-0: Called Strike
0-1: Called Strike
0-2: Ball
1-2: Strikes out swinging
Batting: LHB Chris Viehman 0-0: SINGLE (Line Drive, 6D, EV 101.2 MPH)
Batting: RHB Bryan Sokol 0-0: Called Strike
0-1: Ground out 6-3 (Groundball, 6M, EV 82.5 MPH)
Bottom of the 8th over - 0 runs, 1 hit, 0 errors, 1 left on base; University of South Carolina 0 - Fresno State University 2
TOP OF THE 9TH
University of South Carolina Gamecocks batting - Pitching for Fresno State University Bulldogs : RHP Manny Ojeda
Pitching: LHP Dan Hardy
Pinch Hitting: RHB Carlos Viera 0-0: Ball
1-0: Foul Ball, location: 2F
1-1: SOLO HOME RUN (Flyball, 7LD, EV 96.9 MPH), Distance : 363 ft
Pinch Hitting: RHB Christopher Arnett 0-0: Called Strike
0-1: Ball
1-1: Ground out 4-3 (Groundball, 4, EV 85.0 MPH)
Batting: RHB Jay Mellon 0-0: Ball
1-0: Foul Ball, location: 2F
1-1: Ball
2-1: Foul Ball, location: 2F
2-2: Foul Ball, location: 2F
2-2: Ball
3-2: Strikes out swinging
Pinch Hitting: LHB Alex Vazquez 0-0: Ball
1-0: Ball
2-0: Ball
3-0: Called Strike
3-1: Fly out, F9 (Flyball, 9S, EV 71.9 MPH)
Top of the 9th over - 1 run, 1 hit, 0 errors, 0 left on base; University of South Carolina 1 - Fresno State University 2
Tuesday, September 13th , 2022 - OOTP Baseball 23.7 Build 88